 Dungeon Crawl Stone Soup version 0.30.1-11-g7821555f0a (webtiles) character file.

Game seed: 7756095546171806515

19 Wiggles the Chopper (level 2, 0/34 (40) HPs)
             Began as a Minotaur Berserker on Dec 5, 2023.
             Was a Follower of Trog.
             Slain by Terence
             ... wielding a +0 falchion
              (8 damage)
             ... on level 2 of the Dungeon.
             The game lasted 00:00:58 (868 turns).

Wiggles the Chopper (Minotaur Berserker)             Turns: 868, Time: 00:00:58

HP:   0/34 (40)     AC:  5    Str: 21    XL:     2   Next: 55%
MP:   1/1           EV: 11    Int:  4    God:    Trog [*.....]
Gold: 43            SH:  0    Dex:  9    Spells: 1/1 levels left

rFire   . . .        a - +0 hand axe
rCold   . . .        (no shield)
rNeg    . . .        e - +0 ring mail
rPois   .            (helmet restricted)
rElec   .            (no cloak)
rCorr   .            (no gloves)
SInv    .            (no boots)
Will    .....        (no amulet) Stlth
                     (no ring)
HPRegen 0.25/turn    (no ring)
MPRegen 0.07/turn

%: no passive effects
@: berserking, heavily drained, very quick
A: horns 2, retaliatory headbutt
a: Renounce Religion, Berserk


You were on level 2 of the Dungeon.
You worshipped Trog.
Trog was aware of your devotion.
You visited 1 branch of the dungeon, and saw 2 of its levels.

You collected 43 gold pieces.

Inventory:

Hand Weapons
 a - a +0 hand axe (weapon)
Armour
 e - a +0 ring mail (worn)
Jewellery
 f - a +6 ring of intelligence
Scrolls
 b - 3 scrolls of teleportation {unknown}
 c - a scroll of torment {unknown}
 d - 2 scrolls of identify {unknown}
Potions
 g - a potion of curing {unknown}
 h - 2 potions of invisibility {unknown}


   Skills:
 + Level 4.0 Fighting
 + Level 4.2 Axes
 + Level 2.7 Armour
 + Level 2.3 Dodging


You had one spell level left.
You didn't know any spells.
Your spell library was empty.

Dungeon Overview and Level Annotations

Branches:
Dungeon (2/15)

Altars:

Annotations:
D:2 Terence


Innate Abilities, Weirdness & Mutations

You have a pair of horns on your head.
You reflexively headbutt those who attack you in melee.


Message History

You barely miss the kobold. The kobold hits you but does no damage.
The worm closely misses you. You furiously retaliate!
You headbutt the worm. You hit the worm.
The worm is almost dead.
You hit the kobold but do no damage. The kobold hits you but does no damage.
The worm misses you. You furiously retaliate!
You headbutt the worm.
You kill the worm!
Trog accepts your kill.
You miss the kobold. Your headbutt misses the kobold.
The kobold hits you but does no damage.
You closely miss the kobold. You barely miss the goblin.
The goblin hits you with a +3 dagger of draining.
You feel drained. The kobold closely misses you. You furiously retaliate!
You headbutt the kobold.
You kill the kobold!
Trog accepts your kill. The goblin hits you but does no damage.
You feel drained.
You are too injured to fight recklessly!
You are too injured to fight recklessly!
You are too injured to fight recklessly!
A red film seems to cover your vision as you go berserk!
You feel yourself moving faster!
You feel mighty! Terence hits you with a +0 falchion.
The goblin hits you with a +3 dagger of draining.
You feel drained.
You hit Terence but do no damage. Your headbutt misses Terence.
Your punch misses Terence. You hit the goblin.
You kill the goblin!
Trog accepts your kill.
Terence says, "Time to say good-bye..."
Terence hits you with a +0 falchion!
* * * LOW HITPOINT WARNING * * *
You hit Terence.
Terence is moderately wounded.
Terence hits you with a +0 falchion.
* * * LOW HITPOINT WARNING * * *
You hit Terence.
Terence is moderately wounded.
Terence hits you with a +0 falchion!
You die...

.# . .## . ..
..#. # ##.
#... ..# ....
#..###..#
.....#.......
......)).##.#
#@@.##.#####
#.).........
#.##...####
... ##..#
#### ##.# #.#
#.# #.# #.#


You could see Terence.

Vanquished Creatures
  A worm (D:2)
  2 bats (D:1)
  3 endoplasms (D:1)
  A hobgoblin (D:1)
  A quokka (D:1)
  2 frilled lizards (D:1)
  3 goblins
  4 kobolds (D:2)
17 creatures vanquished.

Notes
Turn   | Place    | Note
-------+----------+-------------------------------------------
     0 | D:1      | Wiggles the Minotaur Berserker began the quest for the Orb.
     0 | D:1      | Reached XP level 1. HP: 19/19 MP: 0/0
   250 | D:1      | Reached XP level 2. HP: 25/27 MP: 1/1
   859 | D:2      | Noticed Terence
   868 | D:2      | Slain by Terence

Illustrated notes

Levels and vault maps discovered:
D:1:      erik_arrival_blinker_ship, layout_basic
D:2:      minmay_chambers_of_ones, layout_basic, st_stairs_3,
          minmay_misc_feat_encased, uniq_terence

Skill      XL: |  1  2 |
---------------+-------+-----
Fighting       | 4 |  4.0
Axes           | 4 |  4.2
Armour         | |  2.7
Dodging        | |  2.3

Action                     || total
---------------------------++-------
  Melee: Hand axe          ||    32
         Headbutt          ||     2
 Invoke: Berserk           ||     1
 Armour: Ring mail         ||    11
         Animal skin       ||     1
  Dodge: Dodged            ||    13
